 Dungeon Crawl Stone Soup version 0.17-a0-1554-g3b847ca (webtiles) character file.

18 namelastname112 the Charmwright (level 2, 0/25 HPs)
             Began as a Draconian Skald on July 20, 2015.
             Slain by a kobold
             ... wielding a +0 short sword
              (1 damage)
             ... on level 1 of the Dungeon.
             The game lasted 00:01:15 (477 turns).

namelastname112 the Charmwright (Draconian Skald)    Turns: 477, Time: 00:01:15

Health: 0/25       AC:  4    Str: 14    XL:     2   Next: 48%
Magic:  4/5        EV:  8    Int: 12    God:
Gold:   0          SH:  0    Dex: 10    Spells: 1 memorised, 4 levels left

rFire  . . .     SeeInvis .     a - +0 short sword
rCold  . . .     Clarity  .     (armour unavailable)
rNeg   . . .     SustAt   .     (no shield)
rPois  .         Gourm    .     (helmet restricted)
rElec  .         Spirit   .     (no cloak)
rCorr  .         Warding  .     (no gloves)
rMut   .         Stasis   .     (no boots)
MR     .....                    (no amulet)
Stlth  +.........               (no ring)
                                e - -3 ring of evasion (curse)

@: infused, not resistant to hostile enchantments, very unstealthy
A: unfitting armour, cold-blooded, AC +4
a: no special abilities


You were on level 1 of the Dungeon.
You were not hungry.

You visited 1 branch of the dungeon, and saw 1 of its levels.

Inventory:

Hand weapons
 a - a +0 short sword (weapon)
Jewellery
 e - a cursed -3 ring of evasion (left hand)
Scrolls
 j - a scroll of identify {unknown}
Potions
 d - 2 potions of experience {unknown}
 h - a potion of curing {unknown}
Books
 b - a book of Battle

   Spells                             Type                      Level
   a - Infusion                       Charms                       1
   b - Shroud of Golubria             Charms/Translocation         2
   c - Song of Slaying                Charms                       2
   d - Spectral Weapon                Hexes/Charms                 3
   e - Regeneration                   Charms/Necromancy            3
Comestibles
 c - a bread ration
 f - a meat ration
 g - 3 fruits
 i - a royal jelly


   Skills:
 + Level 2.5 Fighting
 * Level 2.4 Short Blades
 - Level 1.3 Dodging
 + Level 1.1 Stealth
 - Level 2.0 Spellcasting
 - Level 2.6 Charms


You had 4 spell levels left.
You knew the following spells:

 Your Spells              Type           Power        Failure   Level  Hunger
a - Infusion              Chrm           #.....       12%         1    ##.....


Dungeon Overview and Level Annotations

Branches:
Dungeon (1/15)

Altars:


Innate Abilities, Weirdness & Mutations

Your plain brown scales are hard (AC +4).
Your body does not fit into most forms of armour.
You are cold-blooded and may be slowed by cold attacks.


Message History

The kobold hits you with a short sword.
* * * LOW HITPOINT WARNING * * *
You barely miss the kobold.
The hobgoblin throws a stone.
The stone hits you but does no damage. The kobold hits you with a short sword.
* * * LOW HITPOINT WARNING * * *
You are too injured to fight recklessly!
You are too injured to fight recklessly!
You barely miss the kobold.
Your tail-slap misses the kobold.
The kobold hits you but does no damage.
You hit the kobold but do no damage.
Your tail-slap misses the kobold.
The kobold hits you with a short sword.
* * * LOW HITPOINT WARNING * * *
Casting: Infusion
Confirm with . or Enter, or press ? or * to list all spells.
You begin infusing your attacks with magical energy.
The kobold hits you with a short sword.
* * * LOW HITPOINT WARNING * * *
You closely miss the kobold. The kobold hits you with a short sword.
You die...

#.#...#.#.....#....###.
#.###...#.....#.##...#.
#.# ###.......+.####...
#.# #.##....### #### #.#
#.##....# #.#####.##....#
#.....#.##....#
########.#.##....#
#........@.# #.###..#K###
..... #...)..#..g## .....
#.......g...##### .....
#...............# .....
#...............# .....
#.#.............# .....
#.#.............#####)....
#.###'###...........(.....


You could see a hobgoblin and a kobold.

Vanquished Creatures
  A giant gecko (D:1)
  3 bats (D:1)
  A giant cockroach (D:1)
  3 hobgoblins (D:1)
  A giant newt (D:1)
  A goblin (D:1)
  3 kobolds (D:1)
  3 rats (D:1)
16 creatures vanquished.

Notes
Turn   | Place    | Note
--------------------------------------------------------------
     0 | D:1      | namelastname112 the Draconian Skald began the quest for the Orb.
     0 | D:1      | Reached XP level 1. HP: 17/17 MP: 3/3
   306 | D:1      | Reached skill level 1 in Stealth
   306 | D:1      | Reached XP level 2. HP: 18/25 MP: 5/5
   476 | D:1      | HP: 1/25 [kobold/short sword (1)]
   477 | D:1      | Slain by a kobold

Vault maps used:
D:1:      tarquinn_simple_flora_water_a, minmay_strange_pillars

Action                   || total
-------------------------++-------
Melee: Short sword       ||    81
 Cast: Infusion          ||     1
  Use: Scroll            ||     2
